[ AOE2 MATCH · #508752328 ]
UnrankedCiv #60 vs Malay
Player's team · WIN
Rival team · LOSS
[ REPLAY ANALYSIS · EXTRACTED FROM THE RECORDED GAME ]
Feudal
9:41
Castle
23:02
Imperial
—
| APM avg | 60.0 |
| APM peak | 93 |
| eAPM avg | 26.1 |
| Villagers / military | 94 / 24 |
Focus
⚔️ 30.6% · 🌾 69.4%
Archer ×13 · Skirmisher ×8 · Mangonel ×3 · Unknown (2705) ×1
Feudal
8:24
Castle
21:50
Imperial
—
| APM avg | 56.3 |
| APM peak | 102 |
| eAPM avg | 26.1 |
| Villagers / military | 72 / 33 |
Focus
⚔️ 36.0% · 🌾 64.0%
Archer ×18 · Militia ×5 · Skirmisher ×5 · Mangonel ×3 · Monk ×2
Match map
Initial resources + every placement click. Lines = walls · curves = elevation contours. ◆ gold · ⬟ stone · ● berries · ✦ relic · ◌ wall gap
Your base· ✓ Closed at 23:02 · 6t walls · 3 gate(s)
HR pikoLein's base· ✓ Closed at 21:50 · 2t walls · 2 gate(s)
Smoothed initial terrain · ◌ = detected wall gap · hover for details
Inputs per minute
— fydcq - - HR pikoLein
Build order — fydcq
First 150 of 204 actions detected
| 0:01 | Queue | Villager (Male) |
| 0:01 | Queue | Villager (Male) |
| 0:02 | Build | House |
| 0:05 | Build | House |
| 0:18 | Queue | Villager (Male) |
| 0:18 | Queue | Villager (Male) |
| 0:19 | Queue | Villager (Male) |
| 1:29 | Queue | Villager (Male) |
| 1:29 | Queue | Villager (Male) |
| 2:00 | Build | Lumber Camp |
| 2:02 | Queue | Villager (Male) |
| 2:03 | Queue | Villager (Male) |
| 2:17 | Queue | Villager (Male) |
| 2:18 | Queue | Villager (Male) |
| 2:36 | Queue | Villager (Male) |
| 2:36 | Queue | Villager (Male) |
| 2:47 | Queue | Villager (Male) |
| 2:47 | Queue | Villager (Male) |
| 3:25 | Build | House |
| 3:32 | Queue | Villager (Male) |
| 3:33 | Queue | Villager (Male) |
| 3:33 | Queue | Villager (Male) |
| 4:01 | Build | House |
| 4:13 | Queue | Villager (Male) |
| 4:14 | Queue | Villager (Male) |
| 4:20 | Build | Mill |
| 4:51 | Queue | Villager (Male) |
| 4:52 | Queue | Villager (Male) |
| 5:12 | Queue | Villager (Male) |
| 5:12 | Queue | Villager (Male) |
| 5:28 | Queue | Villager (Male) |
| 5:29 | Queue | Villager (Male) |
| 5:29 | Queue | Villager (Male) |
| 6:23 | Queue | Villager (Male) |
| 6:49 | Queue | Villager (Male) |
| 7:12 | Research | Loom |
| 7:12 | Research | Loom |
| 7:21 | Research | Feudal Age |
| 7:21 | Research | Feudal Age |
| 7:48 | Build | Lumber Camp |
| 8:23 | Build | House |
| 8:31 | Queue | Villager (Male) |
| 8:34 | Research | Loom |
| 8:48 | Build | Barracks |
| 9:23 | Build | Mining Camp |
| 9:33 | Queue | Villager (Male) |
| 9:41 | Age | Feudal Age |
| 9:45 | Build | Watch Tower |
| 10:00 | Build | Archery Range |
| 10:01 | Queue | Villager (Male) |
| 10:29 | Queue | Villager (Male) |
| 10:38 | Build | House |
| 10:50 | Build | Blacksmith |
| 10:51 | Queue | Villager (Male) |
| 11:03 | Build | House |
| 11:10 | Queue | Archer |
| 11:21 | Build | Palisade Wall |
| 11:21 | Build | Palisade Wall |
| 11:22 | Queue | Villager (Male) |
| 11:29 | Build | House |
| 11:30 | Research | Fletching |
| 11:40 | Queue | Villager (Male) |
| 11:42 | Queue | Archer |
| 11:43 | Queue | Skirmisher |
| 11:54 | Build | Farm |
| 12:19 | Build | Farm |
| 12:31 | Queue | Villager (Male) |
| 12:33 | Build | Farm |
| 12:36 | Build | Farm |
| 12:36 | Queue | Villager (Male) |
| 12:39 | Queue | Archer |
| 12:53 | Queue | Skirmisher |
| 12:59 | Build | Farm |
| 13:00 | Queue | Villager (Male) |
| 13:01 | Research | Double-Bit Axe |
| 13:01 | Research | Double-Bit Axe |
| 13:25 | Queue | Villager (Male) |
| 13:34 | Queue | Villager (Male) |
| 13:37 | Build | Mining Camp |
| 13:45 | Queue | Villager (Male) |
| 14:04 | Build | Archery Range |
| 14:19 | Build | Palisade Wall |
| 14:20 | Queue | Skirmisher |
| 14:40 | Queue | Skirmisher |
| 14:44 | Build | Farm |
| 15:01 | Queue | Villager (Male) |
| 15:05 | Queue | Skirmisher |
| 15:10 | Build | Farm |
| 15:15 | Build | Watch Tower |
| 15:20 | Queue | Villager (Male) |
| 15:41 | Queue | Villager (Male) |
| 15:54 | Queue | Skirmisher |
| 15:55 | Queue | Villager (Male) |
| 16:12 | Build | Farm |
| 16:19 | Queue | Villager (Male) |
| 16:22 | Build | Farm |
| 16:27 | Queue | Skirmisher |
| 16:31 | Build | House |
| 16:34 | Build | Farm |
| 16:35 | Build | Farm |
| 16:43 | Research | Padded Archer Armor |
| 16:47 | Build | House |
| 16:49 | Research | Town Watch |
| 16:53 | Queue | Villager (Male) |
| 17:13 | Queue | Villager (Male) |
| 17:21 | Queue | Archer |
| 17:36 | Queue | Villager (Male) |
| 17:40 | Build | Farm |
| 17:41 | Build | Farm |
| 17:59 | Queue | Villager (Male) |
| 18:01 | Queue | Archer |
| 18:05 | Build | Market |
| 18:42 | Build | Farm |
| 18:44 | Build | Farm |
| 18:45 | Queue | Villager (Male) |
| 19:06 | Queue | Archer |
| 19:07 | Queue | Archer |
| 19:23 | Build | Farm |
| 19:26 | Queue | Villager (Male) |
| 19:57 | Queue | Villager (Male) |
| 20:08 | Build | House |
| 20:15 | Build | House |
| 20:17 | Research | Castle Age |
| 20:17 | Research | Castle Age |
| 20:31 | Build | Lumber Camp |
| 20:47 | Queue | Archer |
| 21:18 | Queue | Skirmisher |
| 22:09 | Queue | Villager (Male) |
| 22:19 | Queue | Archer |
| 22:22 | Build | House |
| 22:37 | Research | Gold Mining |
| 22:38 | Research | Horse Collar |
| 22:55 | Queue | Archer |
| 23:02 | Age | Castle Age |
| 23:04 | Build | Siege Workshop |
| 23:09 | Research | Bodkin Arrow |
| 23:09 | Research | Crossbowman (upgrade) |
| 23:24 | Queue | Villager (Male) |
| 23:31 | Build | Town Center |
| 23:36 | Queue | Mangonel |
| 23:47 | Queue | Villager (Male) |
| 24:06 | Queue | Villager (Male) |
| 24:08 | Build | House |
| 24:10 | Queue | Villager (Male) |
| 24:13 | Research | Bow Saw |
| 24:27 | Queue | Archer |
| 24:31 | Queue | Villager (Male) |
| 24:36 | Queue | Villager (Male) |
| 24:41 | Queue | Villager (Male) |
| 24:56 | Build | Town Center |
Build order — HR pikoLein
First 150 of 180 actions detected
| 0:01 | Queue | Villager (Male) |
| 0:01 | Queue | Villager (Male) |
| 0:02 | Queue | Villager (Male) |
| 0:03 | Build | House |
| 0:04 | Build | House |
| 0:07 | Queue | Villager (Male) |
| 0:07 | Queue | Villager (Male) |
| 0:07 | Queue | Villager (Male) |
| 1:24 | Queue | Villager (Male) |
| 1:24 | Queue | Villager (Male) |
| 1:44 | Build | Lumber Camp |
| 1:54 | Queue | Villager (Male) |
| 1:55 | Queue | Villager (Male) |
| 2:28 | Queue | Villager (Male) |
| 2:29 | Queue | Villager (Male) |
| 2:29 | Queue | Villager (Male) |
| 3:11 | Queue | Villager (Male) |
| 3:30 | Queue | Villager (Male) |
| 3:31 | Queue | Villager (Male) |
| 3:45 | Queue | Villager (Male) |
| 3:51 | Build | House |
| 4:15 | Queue | Villager (Male) |
| 4:25 | Build | Palisade Wall |
| 4:26 | Build | Palisade Wall |
| 4:29 | Build | House |
| 4:42 | Queue | Villager (Male) |
| 5:10 | Build | Barracks |
| 5:11 | Queue | Villager (Male) |
| 5:23 | Queue | Villager (Male) |
| 5:58 | Queue | Villager (Male) |
| 6:29 | Queue | Villager (Male) |
| 7:05 | Research | Feudal Age |
| 7:05 | Research | Feudal Age |
| 7:15 | Build | House |
| 7:19 | Research | Loom |
| 7:22 | Queue | Militia |
| 7:32 | Queue | Militia |
| 8:02 | Queue | Militia |
| 8:02 | Queue | Militia |
| 8:23 | Queue | Militia |
| 8:24 | Age | Feudal Age |
| 8:37 | Build | House |
| 8:59 | Queue | Villager (Male) |
| 8:59 | Queue | Villager (Male) |
| 9:13 | Build | Mining Camp |
| 9:16 | Build | House |
| 9:33 | Build | Watch Tower |
| 9:34 | Queue | Villager (Male) |
| 10:05 | Research | Man-at-Arms (upgrade) |
| 10:26 | Build | Mill |
| 10:41 | Build | Archery Range |
| 10:53 | Build | House |
| 11:06 | Build | Mining Camp |
| 11:23 | Queue | Archer |
| 11:24 | Queue | Archer |
| 11:34 | Queue | Villager (Male) |
| 11:48 | Build | House |
| 11:56 | Queue | Villager (Male) |
| 11:56 | Queue | Villager (Male) |
| 12:21 | Queue | Skirmisher |
| 12:29 | Queue | Villager (Male) |
| 12:31 | Build | Farm |
| 12:45 | Build | Farm |
| 13:00 | Build | Watch Tower |
| 13:02 | Queue | Skirmisher |
| 13:39 | Queue | Villager (Male) |
| 13:41 | Build | Farm |
| 13:46 | Queue | Skirmisher |
| 14:01 | Build | Farm |
| 14:02 | Build | Farm |
| 14:24 | Queue | Villager (Male) |
| 14:24 | Queue | Villager (Male) |
| 14:25 | Build | Blacksmith |
| 14:33 | Queue | Skirmisher |
| 14:33 | Queue | Skirmisher |
| 14:40 | Queue | Archer |
| 14:56 | Queue | Archer |
| 14:58 | Queue | Villager (Male) |
| 14:59 | Build | Farm |
| 15:03 | Build | House |
| 15:12 | Research | Fletching |
| 15:14 | Queue | Archer |
| 15:20 | Queue | Villager (Male) |
| 15:22 | Build | Farm |
| 15:29 | Build | Outpost |
| 15:31 | Build | Outpost |
| 16:01 | Queue | Villager (Male) |
| 16:03 | Build | Farm |
| 16:09 | Queue | Archer |
| 16:12 | Build | House |
| 16:25 | Queue | Villager (Male) |
| 16:27 | Build | Farm |
| 16:28 | Queue | Archer |
| 16:42 | Queue | Archer |
| 16:46 | Queue | Villager (Male) |
| 16:49 | Build | Market |
| 16:55 | Queue | Archer |
| 17:09 | Build | Watch Tower |
| 17:24 | Queue | Villager (Male) |
| 17:26 | Queue | Villager (Male) |
| 17:27 | Build | Farm |
| 17:40 | Queue | Villager (Male) |
| 17:42 | Build | Farm |
| 18:09 | Build | Farm |
| 18:10 | Queue | Villager (Male) |
| 18:24 | Queue | Archer |
| 20:14 | Research | Castle Age |
| 20:29 | Queue | Archer |
| 20:36 | Research | Gold Mining |
| 21:05 | Queue | Villager (Male) |
| 21:07 | Queue | Archer |
| 21:33 | Queue | Archer |
| 21:50 | Age | Castle Age |
| 21:56 | Research | Crossbowman (upgrade) |
| 21:56 | Research | Crossbowman (upgrade) |
| 21:56 | Research | Bodkin Arrow |
| 21:59 | Queue | Villager (Male) |
| 22:01 | Build | Siege Workshop |
| 22:14 | Research | Bodkin Arrow |
| 22:14 | Research | Bodkin Arrow |
| 22:18 | Queue | Archer |
| 22:24 | Queue | Villager (Male) |
| 22:34 | Queue | Mangonel |
| 22:34 | Queue | Mangonel |
| 22:36 | Queue | Villager (Male) |
| 22:51 | Queue | Villager (Male) |
| 22:53 | Build | Farm |
| 23:00 | Build | Outpost |
| 23:16 | Build | Outpost |
| 23:19 | Queue | Villager (Male) |
| 23:26 | Queue | Archer |
| 23:39 | Queue | Archer |
| 23:44 | Queue | Villager (Male) |
| 24:06 | Queue | Mangonel |
| 24:19 | Queue | Villager (Male) |
| 24:21 | Queue | Archer |
| 24:22 | Queue | Villager (Male) |
| 24:34 | Queue | Villager (Male) |
| 24:46 | Queue | Villager (Male) |
| 24:53 | Build | House |
| 25:03 | Queue | Archer |
| 25:20 | Queue | Villager (Male) |
| 26:08 | Queue | Villager (Male) |
| 26:16 | Queue | Villager (Male) |
| 26:16 | Queue | Villager (Male) |
| 26:24 | Queue | Villager (Male) |
| 26:32 | Queue | Villager (Male) |
| 26:34 | Build | Town Center |
| 27:06 | Build | Monastery |
| 27:13 | Research | Double-Bit Axe |
Match timeline
| 4:25 | HR pikoLein · wall_segment Palisade Wall x1 |
| 4:26 | HR pikoLein · wall_segment Palisade Wall x1 |
| 5:10 | HR pikoLein · first_building Barracks |
| 8:24 | HR pikoLein · age_up feudal |
| 8:48 | fydcq · first_building Barracks |
| 9:41 | fydcq · age_up feudal |
| 10:00 | fydcq · first_building Archery Range |
| 10:41 | HR pikoLein · first_building Archery Range |
| 11:21 | fydcq · wall_segment Palisade Wall x1 |
| 11:21 | fydcq · wall_segment Palisade Wall x1 |
| 14:19 | fydcq · wall_segment Palisade Wall x4 |
| 19:28 | HR pikoLein · first_market_buy 100 food |
| 19:28 | HR pikoLein · first_market_sell 100 wood |
| 19:32 | fydcq · first_market_buy 100 food |
| 21:50 | HR pikoLein · age_up castle |
| 22:01 | HR pikoLein · first_building Siege Workshop |
| 23:02 | fydcq · age_up castle |
| 23:04 | fydcq · first_building Siege Workshop |
| 27:02 | fydcq · first_building Castle |
| 27:06 | HR pikoLein · first_building Monastery |
| 29:47 | HR pikoLein · resign |
[ AI ANALYSIS · 1 CREDIT ]
What really happened in this match?
Wolo.gg analyzes every decision: build order, eco, micro, common mistakes by bracket. Personalized analysis on WhatsApp or Discord in 30 seconds.
Civ guide
Civ #60
Perfil
Jugador #9433666